General information
- name: BNet
- type: Ladder team game (AT/RT)
- host: Battle.net
- saver: BEAR_AND
map: SilverpineForest
- players: 6
- length: 57:07
- speed: Fast
- version: 1.21 W3XP
- replay type:

» download(355 KB)
Players
team 1 (winner)
BEAR_AND (
orange | 102 APM | 5810 actions | 57:07)
8 Archmage
3 Blizzard
3 Brilliance Aura
1 Mass Teleport
1 Summon Water Elemental
7 Blood Mage
3 Flame Strike
3 Siphon Mana
1 Summon Phoenix
1 Blademaster
1 Bladestorm
» actions
| Assign group hotkey | 25 | |
| Basic commands | 10 | |
| Build / train | 174 | |
| Enter build submenu | 89 | |
| Enter hero's abilities submenu | 16 | |
| Give item / drop item | 17 | |
| Remove unit from queue | 6 | |
| Right click | 3299 | |
| Select / deselect | 739 | |
| Select group hotkey | 1039 | |
| Use ability | 392 | |
5810 total
» units
| Peasant | 20 | |
| Priest | 3 | |
| Dragonhawk Rider | 14 | |
| Troll Batrider | 6 | |
43 total
» upgrades
| Masonry | 3 | |
| Lumber Harvesting | 2 | |
| Magic Sentry | 1 | |
| Animal War Training | 1 | |
| Armor | 3 | |
| Cloud | 1 | |
| Swords | 3 | |
| Priest Training | 1 | |
15 total
» buildings
| Altar of Kings | 1 | |
| Farm | 11 | |
| Lumber Mill | 1 | |
| Scout Tower | 125 | |
| Arcane Tower | 9 | |
| Guard Tower | 61 | |
| Keep | 1 | |
| Town Hall | 1 | |
| Arcane Sanctum | 2 | |
| Castle | 1 | |
| Gryphon Aviary | 2 | |
| Blacksmith | 1 | |
| Barracks | 1 | |
| Arcane Vault | 1 | |
| Orc Burrow | 3 | |
221 total
» build order
00:10 Altar of Kings
00:19 Farm
00:35 Lumber Mill
00:54 Farm
01:16 Scout Tower
01:18 Scout Tower
01:48 Scout Tower
01:50 Arcane Tower
02:16 Scout Tower
02:20 Arcane Tower
02:32 Scout Tower
02:45 Arcane Tower
03:06 Guard Tower
03:07 Guard Tower
03:20 Guard Tower
03:21 Guard Tower
03:51 Scout Tower
03:52 Scout Tower
04:15 Scout Tower
04:18 Guard Tower
04:44 Scout Tower
04:44 Scout Tower
04:46 Scout Tower
04:49 Scout Tower
04:50 Guard Tower
04:52 Keep
04:56 Guard Tower
05:07 Scout Tower
05:09 Scout Tower
05:13 Guard Tower
05:15 Guard Tower
05:16 Guard Tower
05:30 Scout Tower
05:33 Arcane Tower
05:33 Arcane Tower
05:37 Scout Tower
05:38 Guard Tower
05:41 Scout Tower
05:51 Farm
05:53 Guard Tower
05:56 Guard Tower
05:59 Scout Tower
06:12 Farm
06:17 Guard Tower
06:17 Guard Tower
06:28 Guard Tower
06:31 Scout Tower
06:33 Scout Tower
06:44 Guard Tower
06:47 Scout Tower
07:03 Guard Tower
07:04 Guard Tower
07:21 Guard Tower
07:37 Scout Tower
08:00 Scout Tower
08:00 Scout Tower
08:01 Scout Tower
08:09 Guard Tower
09:05 Town Hall
09:10 Scout Tower
09:12 Scout Tower
09:14 Scout Tower
09:15 Scout Tower
09:34 Guard Tower
09:34 Guard Tower
09:35 Guard Tower
09:50 Arcane Sanctum
09:55 Arcane Sanctum
10:02 Arcane Tower
10:02 Arcane Tower
10:30 Arcane Tower
10:35 Scout Tower
10:39 Scout Tower
10:49 Guard Tower
10:49 Guard Tower
10:49 Guard Tower
10:59 Guard Tower
11:32 Guard Tower
11:38 Guard Tower
11:38 Guard Tower
12:17 Castle
12:34 Scout Tower
12:34 Scout Tower
12:36 Scout Tower
12:37 Scout Tower
13:00 Scout Tower
13:02 Scout Tower
13:02 Scout Tower
13:03 Scout Tower
13:09 Gryphon Aviary
13:11 Gryphon Aviary
13:53 Guard Tower
13:55 Guard Tower
14:20 Guard Tower
14:23 Farm
14:24 Blacksmith
14:27 Barracks
14:29 Guard Tower
15:07 Arcane Vault
15:09 Guard Tower
15:11 Scout Tower
15:13 Scout Tower
15:14 Scout Tower
16:13 Guard Tower
17:00 Guard Tower
17:05 Scout Tower
17:06 Scout Tower
17:40 Guard Tower
19:01 Guard Tower
19:42 Scout Tower
19:43 Scout Tower
19:45 Scout Tower
19:46 Scout Tower
20:23 Guard Tower
20:24 Guard Tower
20:24 Guard Tower
20:27 Scout Tower
20:28 Scout Tower
22:01 Scout Tower
22:03 Scout Tower
22:03 Scout Tower
22:04 Scout Tower
22:06 Scout Tower
22:06 Scout Tower
22:09 Scout Tower
22:10 Scout Tower
22:11 Scout Tower
22:12 Scout Tower
23:15 Guard Tower
23:18 Guard Tower
23:19 Scout Tower
23:20 Scout Tower
23:21 Scout Tower
23:21 Scout Tower
23:49 Scout Tower
23:50 Scout Tower
23:51 Scout Tower
23:52 Scout Tower
23:54 Scout Tower
23:55 Scout Tower
24:20 Guard Tower
24:22 Guard Tower
25:06 Guard Tower
26:02 Scout Tower
26:03 Scout Tower
26:03 Scout Tower
26:19 Guard Tower
28:12 Guard Tower
30:01 Farm
30:01 Farm
30:02 Farm
30:03 Farm
30:03 Farm
30:04 Farm
31:36 Scout Tower
31:38 Scout Tower
31:41 Scout Tower
31:43 Scout Tower
31:44 Scout Tower
34:41 Scout Tower
34:42 Scout Tower
34:42 Scout Tower
34:43 Scout Tower
34:43 Scout Tower
34:44 Scout Tower
34:48 Scout Tower
34:48 Scout Tower
34:49 Scout Tower
34:50 Scout Tower
34:51 Scout Tower
34:52 Scout Tower
34:52 Scout Tower
35:43 Orc Burrow
35:44 Orc Burrow
35:45 Orc Burrow
36:47 Guard Tower
40:03 Guard Tower
40:49 Scout Tower
40:50 Scout Tower
40:50 Scout Tower
40:51 Scout Tower
40:52 Scout Tower
40:52 Scout Tower
40:53 Scout Tower
40:54 Scout Tower
41:01 Scout Tower
41:01 Scout Tower
41:02 Scout Tower
41:03 Scout Tower
41:03 Scout Tower
41:04 Scout Tower
41:05 Scout Tower
41:05 Scout Tower
41:06 Scout Tower
41:07 Scout Tower
41:07 Scout Tower
41:08 Scout Tower
41:42 Guard Tower
42:07 Scout Tower
42:08 Scout Tower
42:09 Scout Tower
42:10 Scout Tower
42:11 Scout Tower
42:12 Scout Tower
42:13 Scout Tower
42:13 Scout Tower
42:14 Scout Tower
42:14 Scout Tower
42:15 Scout Tower
42:24 Guard Tower
42:42 Scout Tower
42:42 Scout Tower
42:43 Scout Tower
42:44 Guard Tower
42:53 Guard Tower
44:11 Guard Tower
45:58 Guard Tower
» items
| Staff of Teleportation | 2 | |
| Staff of Sanctuary | 2 | |
| Amulet of Spell Shield | 1 | |
| Scroll of Town Portal | 5 | |
| Potion of Healing | 5 | |
| Scroll of Healing | 2 | |
17 total

»
iggy_the_fisk (
purple | 101 APM | 5754 actions | 57:06)
8 Tauren Chieftain
3 Shockwave
3 Endurance Aura
1 Reincarnation
1 War Stomp
6 Shadow Hunter
2 Hex
3 Healing Wave
1 Big Bad Voodoo
1 Blademaster
1 Critical Strike
» actions
| Assign group hotkey | 217 | |
| Basic commands | 11 | |
| Build / train | 124 | |
| Enter build submenu | 108 | |
| Enter hero's abilities submenu | 15 | |
| Give item / drop item | 21 | |
| Right click | 3145 | |
| Select / deselect | 595 | |
| Select group hotkey | 1137 | |
| Use ability | 377 | |
5754 total
» units
» upgrades
| Reinforced Defenses | 1 | |
| Liquid Fire | 1 | |
2 total
» buildings
| Altar of Storms | 4 | |
| Orc Burrow | 11 | |
| War Mill | 1 | |
| Watch Tower | 74 | |
| Voodoo Lounge | 3 | |
| Great Hall | 3 | |
| Stronghold | 1 | |
| Fortress | 1 | |
| Beastiary | 2 | |
100 total
» build order
00:05 Altar of Storms
00:27 Orc Burrow
00:48 War Mill
02:06 Watch Tower
02:17 Watch Tower
02:27 Watch Tower
02:41 Watch Tower
04:10 Watch Tower
04:16 Watch Tower
04:40 Orc Burrow
05:11 Voodoo Lounge
05:15 Watch Tower
05:23 Watch Tower
06:00 Watch Tower
06:09 Watch Tower
06:28 Watch Tower
06:41 Watch Tower
07:03 Watch Tower
07:05 Watch Tower
09:26 Great Hall
09:35 Watch Tower
09:59 Orc Burrow
10:50 Watch Tower
10:55 Watch Tower
12:27 Watch Tower
12:47 Watch Tower
13:16 Stronghold
13:21 Watch Tower
14:11 Watch Tower
14:19 Watch Tower
14:54 Watch Tower
15:02 Watch Tower
15:40 Great Hall
15:44 Watch Tower
15:45 Watch Tower
17:14 Altar of Storms
17:27 Watch Tower
17:43 Watch Tower
17:44 Watch Tower
18:40 Fortress
19:00 Watch Tower
19:48 Watch Tower
19:52 Watch Tower
19:55 Watch Tower
21:15 Watch Tower
21:18 Watch Tower
21:19 Watch Tower
22:02 Beastiary
22:03 Orc Burrow
22:24 Watch Tower
22:28 Watch Tower
22:29 Watch Tower
23:35 Watch Tower
23:36 Watch Tower
23:40 Watch Tower
23:41 Watch Tower
23:42 Watch Tower
25:56 Watch Tower
27:35 Watch Tower
28:10 Great Hall
28:16 Watch Tower
28:17 Watch Tower
28:31 Watch Tower
28:32 Watch Tower
28:42 Watch Tower
28:42 Watch Tower
28:43 Watch Tower
28:44 Watch Tower
28:50 Watch Tower
28:52 Watch Tower
29:52 Orc Burrow
29:56 Watch Tower
29:58 Watch Tower
30:50 Watch Tower
30:53 Watch Tower
30:54 Watch Tower
30:56 Watch Tower
31:17 Watch Tower
32:28 Watch Tower
34:40 Beastiary
34:43 Orc Burrow
34:45 Orc Burrow
35:28 Altar of Storms
35:48 Voodoo Lounge
38:19 Watch Tower
38:20 Watch Tower
38:20 Watch Tower
38:21 Watch Tower
38:22 Watch Tower
38:23 Watch Tower
38:28 Orc Burrow
38:35 Watch Tower
38:36 Watch Tower
38:46 Watch Tower
38:47 Watch Tower
40:18 Altar of Storms
40:20 Orc Burrow
40:20 Orc Burrow
40:51 Orc Burrow
42:31 Voodoo Lounge
» items
| Healing Salve | 9 | |
| Lesser Clarity Potion | 9 | |
| Boots of Speed | 2 | |
| Staff of Teleportation | 2 | |
| Orb of Lightning | 2 | |
| Potion of Mana | 1 | |
| Scroll of Town Portal | 9 | |
| Scroll of Regeneration | 5 | |
| Potion of Healing | 2 | |
| Staff of Sanctuary | 1 | |
42 total
TIMG4STRok (
green | 70 APM | 1745 actions | 24:52)
4 Blademaster
3 Wind Walk
1 Critical Strike
» actions
| Assign group hotkey | 12 | |
| Basic commands | 8 | |
| Build / train | 63 | |
| ESC pressed | 1 | |
| Enter build submenu | 44 | |
| Enter hero's abilities submenu | 4 | |
| Give item / drop item | 11 | |
| Right click | 959 | |
| Select / deselect | 212 | |
| Select group hotkey | 295 | |
| Use ability | 136 | |
1745 total
» units
» upgrades
| Spiked Barricades | 1 | |
| Reinforced Defenses | 1 | |
| Liquid Fire | 1 | |
| Ranged Weapons | 2 | |
| Armor | 2 | |
7 total
» buildings
| Altar of Storms | 1 | |
| War Mill | 1 | |
| Orc Burrow | 3 | |
| Watch Tower | 30 | |
| Voodoo Lounge | 1 | |
| Stronghold | 1 | |
| Great Hall | 1 | |
| Beastiary | 2 | |
| Fortress | 1 | |
41 total
» build order
00:11 Altar of Storms
00:17 War Mill
00:36 Orc Burrow
01:47 Watch Tower
02:14 Watch Tower
02:27 Orc Burrow
03:19 Watch Tower
03:52 Watch Tower
05:05 Watch Tower
05:06 Watch Tower
05:08 Watch Tower
06:01 Voodoo Lounge
06:55 Watch Tower
06:56 Watch Tower
06:58 Stronghold
08:19 Watch Tower
08:20 Watch Tower
08:22 Watch Tower
09:35 Great Hall
09:41 Watch Tower
09:43 Watch Tower
09:53 Beastiary
09:55 Beastiary
09:58 Watch Tower
09:59 Watch Tower
10:00 Watch Tower
10:05 Watch Tower
10:23 Orc Burrow
11:04 Watch Tower
11:19 Watch Tower
11:34 Watch Tower
11:49 Watch Tower
12:14 Watch Tower
12:25 Watch Tower
13:34 Fortress
16:28 Watch Tower
16:30 Watch Tower
22:44 Watch Tower
22:45 Watch Tower
22:48 Watch Tower
24:13 Watch Tower
» items
| Staff of Teleportation | 1 | |
| Boots of Speed | 1 | |
| Lesser Clarity Potion | 4 | |
| Healing Salve | 2 | |
| Orb of Lightning | 1 | |
| Ring of Regeneration | 1 | |
| Amulet of Spell Shield | 1 | |
11 total
team 2 (loser)
coolguyjin (
red | 67 APM | 3795 actions | 57:02)
7 Archmage
3 Blizzard
3 Brilliance Aura
1 Mass Teleport
6 Paladin
1 Holy Light
2 Divine Shield
2 Devotion Aura
1 Resurrection
5 Blood Mage
3 Flame Strike
2 Siphon Mana
» actions
| Assign group hotkey | 46 | |
| Basic commands | 341 | |
| Build / train | 165 | |
| ESC pressed | 6 | |
| Enter build submenu | 37 | |
| Enter hero's abilities submenu | 18 | |
| Right click | 1196 | |
| Select / deselect | 830 | |
| Select group hotkey | 966 | |
| Use ability | 190 | |
3795 total
» units
| Peasant | 24 | |
| Rifleman | 5 | |
| Sorceress | 3 | |
| Gryphon Rider | 3 | |
| Dragonhawk Rider | 11 | |
| Siege Engine | 34 | |
| Chimaera | 28 | |
| Wisp | 5 | |
113 total
» upgrades
| Long Rifles | 1 | |
| Masonry | 3 | |
| Lumber Harvesting | 2 | |
| Barrage | 1 | |
| Cloud | 1 | |
| Magic Sentry | 1 | |
| Storm Hammers | 1 | |
| Sorceress Training | 1 | |
| Armor | 1 | |
| Plating | 3 | |
| Gunpowder | 2 | |
17 total
» buildings
| Altar of Kings | 1 | |
| Farm | 11 | |
| Barracks | 1 | |
| Blacksmith | 1 | |
| Scout Tower | 3 | |
| Arcane Vault | 1 | |
| Arcane Tower | 3 | |
| Keep | 1 | |
| Lumber Mill | 1 | |
| Castle | 1 | |
| Arcane Sanctum | 1 | |
| Gryphon Aviary | 2 | |
| Workshop | 2 | |
| Town Hall | 4 | |
| Moon Well | 2 | |
| Tree of Life | 1 | |
36 total
» build order
00:05 Altar of Kings
00:11 Farm
00:51 Farm
01:14 Barracks
01:34 Farm
02:02 Blacksmith
02:05 Scout Tower
02:18 Arcane Vault
02:31 Arcane Tower
03:48 Keep
05:11 Scout Tower
05:39 Arcane Tower
05:46 Lumber Mill
06:31 Farm
06:40 Castle
06:48 Farm
06:51 Farm
06:54 Farm
06:57 Arcane Sanctum
09:29 Gryphon Aviary
09:32 Gryphon Aviary
09:46 Workshop
11:03 Farm
12:22 Farm
12:54 Farm
14:25 Farm
17:49 Town Hall
20:28 Town Hall
21:06 Workshop
22:49 Town Hall
23:54 Scout Tower
25:07 Arcane Tower
31:10 Moon Well
31:18 Moon Well
40:25 Tree of Life
42:10 Town Hall
» items
| Scroll of Regeneration | 3 | |
| Scroll of Town Portal | 2 | |
| Scroll of Healing | 2 | |
7 total
Dark[Blind] (
yellow | 68 APM | 1831 actions | 27:02)
5 Keeper of the Grove
3 Entangling Roots
2 Force of Nature
» actions
| Assign group hotkey | 146 | |
| Basic commands | 55 | |
| Build / train | 74 | |
| ESC pressed | 1 | |
| Enter build submenu | 18 | |
| Enter hero's abilities submenu | 4 | |
| Give item / drop item | 1 | |
| Right click | 600 | |
| Select / deselect | 528 | |
| Select group hotkey | 349 | |
| Use ability | 54 | |
1831 total
» units
| Wisp | 21 | |
| Huntress | 6 | |
| Chimaera | 13 | |
| Hippogryph | 9 | |
49 total
» upgrades
| Strength of the Wild | 3 | |
| Ultravision | 1 | |
| Corrosive Breath | 1 | |
| Reinforced Hides | 3 | |
| Well Spring | 1 | |
9 total
» buildings
| Moon Well | 6 | |
| Altar of Elders | 1 | |
| Hunter's Hall | 1 | |
| Ancient of War | 1 | |
| Tree of Ages | 1 | |
| Tree of Eternity | 1 | |
| Ancient of Wind | 2 | |
| Tree of Life | 1 | |
| Chimaera Roost | 2 | |
16 total
» build order
00:09 Moon Well
00:14 Altar of Elders
01:38 Hunter's Hall
01:41 Ancient of War
01:56 Moon Well
02:39 Moon Well
04:20 Tree of Ages
06:42 Tree of Eternity
08:13 Ancient of Wind
08:22 Ancient of Wind
09:17 Tree of Life
09:32 Chimaera Roost
09:34 Chimaera Roost
13:28 Moon Well
13:58 Moon Well
14:03 Moon Well
» items
| Scroll of Healing | 3 | |
| Scroll of Protection | 2 | |
| Boots of Speed | 1 | |
| Tome of Retraining | 1 | |
7 total
Storia (
pink | 91 APM | 5212 actions | 57:05)
9 Blademaster
3 Wind Walk
3 Critical Strike
1 Bladestorm
2 Mirror Image
» actions
| Assign group hotkey | 253 | |
| Basic commands | 249 | |
| Build / train | 178 | |
| ESC pressed | 7 | |
| Enter build submenu | 23 | |
| Enter hero's abilities submenu | 9 | |
| Give item / drop item | 8 | |
| Remove unit from queue | 1 | |
| Right click | 2370 | |
| Select / deselect | 909 | |
| Select group hotkey | 980 | |
| Use ability | 219 | |
5212 total
» units
| Peon | 30 | |
| Grunt | 11 | |
| Tauren | 11 | |
| Raider | 19 | |
| Troll Batrider | 8 | |
| Demolisher | 7 | |
| Hippogryph | 3 | |
| Spirit Walker | 1 | |
| Goblin Sapper | 2 | |
| Goblin Shredder | 1 | |
93 total
» upgrades
| Berserker Strength | 1 | |
| Ensnare | 1 | |
| Melee Weapons | 2 | |
| Pillage | 1 | |
| Pulverize | 1 | |
| Armor | 1 | |
| Liquid Fire | 1 | |
| Ranged Weapons | 1 | |
| Burning Oil | 1 | |
10 total
» buildings
| Altar of Storms | 1 | |
| Orc Burrow | 8 | |
| Barracks | 2 | |
| Stronghold | 3 | |
| Voodoo Lounge | 2 | |
| Fortress | 4 | |
| War Mill | 1 | |
| Tauren Totem | 3 | |
| Spirit Lodge | 2 | |
| Beastiary | 2 | |
| Great Hall | 1 | |
29 total
» build order
00:09 Altar of Storms
00:19 Orc Burrow
00:34 Barracks
01:31 Orc Burrow
02:44 Stronghold
02:44 Stronghold
03:19 Orc Burrow
04:05 Voodoo Lounge
05:12 Fortress
05:12 Fortress
05:13 Fortress
05:19 Orc Burrow
06:46 War Mill
08:14 Tauren Totem
09:25 Orc Burrow
09:32 Tauren Totem
09:57 Spirit Lodge
10:16 Beastiary
10:19 Beastiary
16:41 Great Hall
18:06 Orc Burrow
18:09 Orc Burrow
21:27 Orc Burrow
23:56 Barracks
28:49 Tauren Totem
30:47 Spirit Lodge
50:13 Voodoo Lounge
» items
| Lesser Clarity Potion | 5 | |
| Healing Salve | 3 | |
| Scroll of Speed | 3 | |
| Orb of Lightning | 1 | |
| Claws of Attack +6 | 1 | |
| Gloves of Haste | 1 | |
| Boots of Speed | 1 | |
| Dust of Appearance | 1 | |
| Potion of Healing | 5 | |
| Scroll of Healing | 1 | |
| Staff of Teleportation | 1 | |
23 total
Chat log
(00:20 / All) TIMG4STRok: oink
(00:22 / All) TIMG4STRok: heh.
(00:33 / Allies) TIMG4STRok: juss did my daily impression of Storia's mom
(00:47 / All) iggy_the_fisk: errday
(00:58 / All) TIMG4STRok: errbody in the club gettin tipsy
(01:36 / All) iggy_the_fisk: hey guys
(01:43 / Allies) iggy_the_fisk: hey
(01:44 / All) coolguyjin: sup niggas?
(01:45 / All) TIMG4STRok: my name is mondodickasaurus
(01:47 / Allies) iggy_the_fisk: hayo
(03:35 / All) iggy_the_fisk: damn u pretty bad
(03:36 / All) iggy_the_fisk: at this game
(05:20 / All) TIMG4STRok: LOLERS!
(09:17 / All) iggy_the_fisk: damn
(09:22 / All) iggy_the_fisk: u now very good huhj
(10:56 / Allies) TIMG4STRok: the basic unit of 3s
(11:19 / Allies) iggy_the_fisk: golde
(24:33 / All) BEAR_AND: lol
(26:48 / All) iggy_the_fisk: quit
(27:09 / All) BEAR_AND: thank
(27:30 / All) BEAR_AND: no
(27:31 / All) BEAR_AND: all of u
(36:50 / All) iggy_the_fisk: quit
(40:52 / All) iggy_the_fisk: quit
(45:41 / All) iggy_the_fisk: quit
(47:03 / All) iggy_the_fisk: quit
(48:38 / All) iggy_the_fisk: quit
(55:34 / All) iggy_the_fisk: hey
(55:35 / Allies) iggy_the_fisk: quit
(56:13 / All) iggy_the_fisk: quit